Map: Orbital Shipyard

Players

Beastyqt - Winner!

  • Race: Terran Terran
  • League: Diamond

Pure

  • Race: Protoss Protoss
  • League: Diamond

Event: ASL Season 5 Prime League LOTV Beta

VOD

Have the link to the VOD?

Description

Time

  • Played on: Sept. 16, 2015, 11:07 p.m.
  • Length: 10:10

All games in this series

Show
View Real Time Build Order
Export as new Build Order

Beastyqt Terran - Winner!

Build Orders: MMM Bio 

Get SALT Encoding   

  12  0:01  SCV  
  13  0:13  SCV  
  14  0:19  Supply Depot  
  14  0:25  SCV  
  15  0:40  SCV  
  16  0:44  Barracks  
  16  0:46  Refinery  
  16  0:52  SCV  
  17  1:05  SCV  
  18  1:17  SCV  
  19  1:31  Barracks Reactor  
  19  1:32  Orbital Command  
  19  1:43  Command Center  
  19  1:55  Supply Depot  
  19  1:58  SCV  
  20  2:07  Marine x2  
  22  2:11  SCV  
  22  2:14  Factory  
  22  2:23  SCV  
  22  2:25  Marine x2  
  25  2:32  Refinery  
  25  2:36  SCV  
  26  2:42  Bunker  
  26  2:43  Marine x2  
  28  2:50  SCV  
  29  2:55  Orbital Command  
  29  2:58  Factory Tech Lab  
  29  3:02  SCV  
  29  3:03  Marine  
  32  3:11  Reaper  
  32  3:15  SCV  
  32  3:19  Cyclone  
  36  3:21  Marine  
  36  3:22  SCV  
  38  3:27  SCV  
  38  3:30  Supply Depot  
  38  3:32  Mag-Field Accelerator  
  39  3:34  SCV  
  39  3:39  Marine  
  41  3:43  Marine  
  41  3:45  SCV  
  41  3:48  SCV  
  44  3:57  SCV  
  44  4:00  SCV  
  44  4:01  Cyclone  
  51  4:03  Supply Depot  
  51  4:09  SCV  
  50  4:14  Command Center  
  50  4:18  SCV  
  50  4:20  Engineering Bay  
  50  4:23  SCV  
  51  4:25  Marine x2  
  51  4:29  Supply Depot  
  51  4:30  SCV  
  54  4:35  Barracks  
  54  4:37  SCV  
  58  4:38  Cyclone  
  58  4:45  SCV  
  58  4:51  SCV, Missile Turret  
  59  4:53  Missile Turret  
  59  4:55  Marine  
  59  4:57  Missile Turret  
  59  4:58  Missile Turret, Marine  
  60  5:03  SCV  
  60  5:05  SCV  
  58  5:13  Marine  
  51  5:16  SCV  
  51  5:17  SCV  
  49  5:28  SCV  
  50  5:29  SCV  
  50  5:32  Factory Tech Lab, Combat Shields  
  50  5:35  Marine x3  
  51  5:40  SCV  
  51  5:41  SCV  
  51  5:42  Terran Infantry Weapons Level 1  
  56  5:49  Refinery  
  56  5:52  SCV, Refinery, Orbital Command  
  56  5:55  Barracks  
  57  5:57  SCV  
  57  5:59  Marine x3  
  61  6:04  SCV  
  61  6:06  Factory Reactor  
  61  6:10  SCV, Starport, Orbital Command  
  63  6:16  SCV  
  63  6:17  Marine x2  
  63  6:18  Marauder  
  68  6:19  Missile Turret  
  68  6:22  SCV  
  69  6:28  SCV  
  70  6:34  SCV  
  70  6:35  Marine  
  71  6:40  SCV x2  
  77  6:47  Marauder x2  
  77  6:48  SCV  
  77  6:51  Missile Turret  
  77  6:53  SCV  
  79  6:55  Concussive Shells  
  79  6:56  SCV, Stimpack  
  79  6:58  Factory Reactor  
  79  7:01  Engineering Bay  
  80  7:02  Armory  
  80  7:03  Supply Depot  
  80  7:04  SCV  
  80  7:05  Supply Depot, SCV  
  81  7:08  SCV  
  81  7:14  Marauder, Marine  
  85  7:20  SCV, Marauder, Medivac x2  
  92  7:32  SCV x2  
  92  7:36  Terran Infantry Armor Level 1, Supply Depot  
  92  7:38  Barracks  
  92  7:39  Barracks  
  92  7:41  SCV  
  91  7:47  Marine x2  
  91  7:48  Widow Mine x2, Marauder x2  
  101  7:54  Supply Depot, Missile Turret  
  101  7:56  SCV x2  
  101  7:57  SCV  
  104  8:05  Marine  
  105  8:08  SCV  
  105  8:10  SCV x2  
  108  8:13  Medivac x2  
  108  8:16  Marine x3  
  115  8:20  SCV  
  115  8:22  SCV x2  
  117  8:29  Barracks Tech Lab  
  117  8:32  SCV  
  117  8:33  Command Center, Refinery  
  118  8:34  SCV  
  118  8:35  Supply Depot  
  118  8:37  Barracks Reactor, Refinery  
  119  8:42  SCV  
  119  8:44  SCV  
  119  8:45  Ghost Academy  
  121  8:51  Marauder x2  
  125  8:56  Medivac  
  125  8:57  Supply Depot  
  125  8:58  SCV x2  
  125  8:59  Supply Depot  
  128  9:04  SCV  
  129  9:11  Marauder, Marine  
  132  9:18  Widow Mine x2  
  132  9:19  Marauder  
  136  9:27  Starport, Barracks  
  136  9:28  Barracks x2  
  136  9:29  Ghost, Marine x3  
  141  9:32  Ghost  
  146  9:59  Command Center  
  151  10:03  Command Center  
Show
View Real Time Build Order
Export as new Build Order

Pure Protoss 

Build Orders:  

Get SALT Encoding   

  12  0:10  Pylon  
  12  0:13  Probe (Chrono Boost)  
  13  0:31  Probe (Chrono Boost)  
  13  0:32  Gateway  
  14  0:41  Probe (Chrono Boost)  
  15  0:52  Probe (Chrono Boost)  
  15  0:53  Assimilator  
  15  0:55  Assimilator  
  16  1:02  Probe (Chrono Boost)  
  17  1:12  Probe (Chrono Boost)  
  18  1:22  Cybernetics Core  
  18  1:26  Probe (Chrono Boost)  
  19  1:36  Probe (Chrono Boost)  
  20  1:46  Probe (Chrono Boost), Pylon  
  21  1:58  Mothership Core (Chrono Boost), Warp Gate (Chrono Boost)  
  23  2:04  Adept  
  25  2:25  Probe (Chrono Boost)  
  26  2:30  Twilight Council  
  26  2:35  Pylon  
  26  2:37  Probe (Chrono Boost)  
  27  3:04  Robotics Facility  
  27  3:06  Gateway  
  27  3:11  Gateway  
  27  3:21  Gateway  
  27  3:35  Pylon  
  27  3:45  Shield Upgrade (Chrono Boost)  
  27  3:49  Warp Prism (Chrono Boost)  
  29  4:03  Nexus  
  29  4:15  Adept x2  
  33  4:30  Adept x2  
  37  4:38  Pylon  
  37  4:58  Adept  
  37  4:59  Adept x2  
  43  5:02  Adept  
  31  5:23  Probe  
  31  5:24  Probe  
  31  5:25  Stargate  
  31  5:35  Probe  
  31  5:37  Probe  
  31  5:38  Adept x2  
  31  5:40  Sentry  
  31  5:42  Sentry  
  41  5:45  Probe  
  42  5:54  Probe  
  43  5:57  Warp Prism (Chrono Boost)  
  43  6:00  Probe  
  46  6:06  Probe  
  46  6:10  Probe  
  48  6:18  Probe  
  48  6:20  Probe  
  48  6:23  Phoenix  
  52  6:30  Probe x2  
  54  6:48  Probe  
  54  6:50  Probe  
  54  6:51  Phoenix  
  58  7:00  Probe  
  58  7:02  Probe  
  60  7:14  Probe  
  58  7:16  Probe  
  58  7:20  Phoenix  
  62  7:24  Probe  
  62  7:28  Probe  
  60  7:34  Adept x4  
  64  7:47  Nexus  
  64  7:48  Pylon  
  64  7:50  Probe  
  64  7:52  Probe, Pylon, Phoenix  
  64  7:55  Pylon  
  64  7:56  Charge  
  64  7:57  Assimilator  
  64  7:58  Assimilator  
  68  8:00  Adept, Pylon  
  68  8:01  Pylon  
  70  8:05  Probe  
  70  8:07  Templar Archives, Probe  
  72  8:17  Phoenix  
  74  8:21  Probe  
  74  8:23  Probe  
  74  8:25  Assimilator  
  76  8:29  Assimilator  
  76  8:31  Probe  
  77  8:35  Probe  
  77  8:37  Adept x4  
  86  8:43  Probe  
  86  8:44  Forge  
  86  8:47  Probe  
  88  8:53  Probe  
  88  8:59  Probe x2  
  91  9:03  Probe  
  88  9:10  Adept x4  
  96  9:21  Observer (Chrono Boost)  
  96  9:33  Adept  
  96  9:35  Adept x3  
  96  9:37  Phoenix  
  106  9:42  Pylon  
  106  9:44  Pylon  
  93  9:55  Zealot x3  
  93  9:56  Zealot  
Tags
 
Add a new tag
Caveats
  • Supply blocks, unpowered buildings, or Contaminate may cause inaccurate times.
  • Supply counts are checked every 10 seconds.